 Dungeon Crawl Stone Soup version 0.20.1-1-g8b1a95d (webtiles) character file.

2229 Marihuanna the Protected (level 9, -13/52 HPs)
             Began as a Gargoyle Berserker on Jan 22, 2018.
             Was a Priest of Trog.
             Mangled by a two-headed ogre
             ... wielding a +0 giant club
              (17 damage)
             ... on level 7 of the Dungeon on Jan 25, 2018.
             The game lasted 00:42:52 (7365 turns).

Marihuanna the Protected (Gargoyle Berserker)       Turns: 7365, Time: 00:42:53

Health: -13/52     AC: 18    Str: 24    XL:     9   Next: 36%
Magic:  9/9        EV:  9    Int:  8    God:    Trog [***...]
Gold:   361        SH:  7    Dex:  9    Spells: 8/8 levels left

rFire    . . .     SeeInvis .   J - +1 morningstar
rCold    . . .     Gourm    .   I - +0 buckler
rNeg     + + .     Faith    .   K - +0 chain mail
rPois    ∞         Spirit   .   (no helmet)
rElec    +         Reflect  +   (no cloak)
rCorr    .         Harm     .   (no gloves)
MR       .....                  r - +0 pair of boots
Stlth    ..........             p - +3 amulet of reflection
Regen    0.2/turn               o - ring of positive energy
MPRegen  0.2/turn               (no ring)

@: berserk cooldown, slowed, very slow
A: negative energy resistance 1, sense surroundings 1, electricity resistance,
unbreathing, petrification resistance, rot immunity, AC +5
a: Berserk, Trog's Hand, Burn Spellbooks, Renounce Religion


You were on level 7 of the Dungeon.
You worshipped Trog.
Trog was most pleased with you.
You were not hungry.

You visited 1 branch of the dungeon, and saw 7 of its levels.

You collected 361 gold pieces.

Inventory:

Hand Weapons
 q - a +0 flail
 J - a +1 morningstar (weapon)
Missiles
 H - a throwing net (quivered)
Armour
 r - a +0 pair of boots (worn)
 I - a +0 buckler (worn)
 K - a +0 chain mail (worn)
Jewellery
 o - a ring of positive energy (left hand)
 p - a +3 amulet of reflection (around neck)
Wands
 e - a wand of iceblast (6/15)
 s - a wand of acid (4/15)
 u - a wand of digging (13/24)
 C - a wand of digging (13/24)
Scrolls
 d - 2 scrolls of immolation {unknown}
 f - 2 scrolls of remove curse
 i - 4 scrolls of magic mapping
 k - a scroll of blinking {unknown}
 l - a scroll of teleportation
 t - a scroll of fear {unknown}
 w - a scroll of identify
 y - 3 scrolls of random uselessness {unknown}
Potions
 b - 2 potions of brilliance {unknown}
 g - 2 potions of agility {unknown}
 h - a potion of berserk rage {unknown}
 j - a potion of might {unknown}
 m - 2 potions of haste {unknown}
 n - 5 potions of curing {unknown}
 v - a potion of invisibility {unknown}
 x - 3 potions of heal wounds {unknown}
 z - a potion of ambrosia {unknown}
 A - a potion of lignification {unknown}
 E - a potion of magic {unknown}
 F - a potion of flight {unknown}
Books
 a - a book of Debilitation

   Spells                             Type                      Level
   a - Corona                         Hexes                        1
   b - Slow                           Hexes                        2
   c - Inner Flame                    Hexes/Fire                   3
   d - Portal Projectile              Hexes/Translocation          3
   e - Cause Fear                     Hexes                        4
   f - Leda's Liquefaction            Hexes/Earth                  4
   Trog disapproves of the use of such an item.
 B - a book of Conjurations

   Spells                             Type                      Level
   a - Magic Dart                     Conjuration                  1
   b - Searing Ray                    Conjuration                  2
   c - Dazzling Spray                 Conjuration/Hexes            3
   d - Fulminant Prism                Conjuration/Hexes            4
   e - Force Lance                    Conjuration/Translocation    4
   f - Iskenderun's Mystic Blast      Conjuration                  4
   Trog disapproves of the use of such an item.
Comestibles
 c - 5 bread rations


   Skills:
 - Level 4.1 Fighting
 + Level 8.8 Maces & Flails
 + Level 9.1 Armour
 - Level 1.5 Dodging
 + Level 3.1 Shields


You had 8 spell levels left.
You didn't know any spells.

Dungeon Overview and Level Annotations

Branches:
Dungeon (7/15)             Temple (0/1) D:4

Altars:
Cheibriados
Fedhas
Vehumet
Yredelemnul


Innate Abilities, Weirdness & Mutations

You are resistant to torment.
Your stone body is resilient. (AC +5)
You are immune to poison.
You resist negative energy. (rN+)
You are resistant to electric shocks. (rElec)
You can survive without breathing.
You are immune to petrification.
You are immune to rotting.
You passively map a small area around you.


Message History

A red film seems to cover your vision as you go berserk!
You feel yourself moving faster!
You feel mighty!
You feel quite a bit more hungry.
The two-headed ogre hits you with a giant club.
The two-headed ogre misses you.
You impale the two-headed ogre!!
The two-headed ogre is moderately wounded.
You hit the two-headed ogre.
The two-headed ogre is moderately wounded.
You completely miss the two-headed ogre.
The two-headed ogre is moderately wounded.
The two-headed ogre barely misses you. You block the two-headed ogre's attack.
You feel a strong urge to attack something.
You are no longer berserk.
You are exhausted.
You feel yourself slow down.
The two-headed ogre hits you with a giant club!!
* * * LOW HITPOINT WARNING * * *
The two-headed ogre hits you with a giant club!
You die...

* ............# * *
#. * * #.......# ,
#.
#######.......####
,* * #.
..................,,
* #.
.#######....>.#### *
* #. * #......+ , #.
#......# * #.
######O# #. #@# #.
#.######### #.
#.....#...# #.
#######.#.#.# #.
#.........#.# #.
#.#####.###<#### #.
#........... ,.. *
#.#.###.######## *
#.#.# #.##......


You could see a two-headed ogre.

Vanquished Creatures
  The ghost of hilaritas the Slasher, an amateur OpFi (D:4)
  Sigmund (D:4)
  Eustachio (D:4)
  Menkaure (D:4)
  An ice beast (D:5)
  2 sky beasts (D:6)
  An ogre (D:6)
  2 centaurs
  Blork the orc (D:4)
  A gnoll sergeant (D:6)
  6 scorpions
  3 crimson imps
  A bullfrog zombie (D:5)
  A centaur zombie (D:6)
  A centaur skeleton (D:5)
  2 orc priests
  A hound (D:4)
  An orc wizard (D:6)
  Jessica (D:3)
  2 iguanas
  2 worker ants
  8 gnolls (D:6)
  7 adders
  An ooze (D:3)
  An adder zombie (D:5)
  A worm (D:2)
  2 dart slugs
  3 leopard geckos
  19 orcs
  12 bats
  A giant cockroach (D:3)
  8 goblins
  3 hobgoblins
  6 jackals
  A quokka (D:5)
  3 ball pythons
  A frilled lizard (D:4)
  A giant cockroach zombie (D:6)
  9 kobolds
  6 rats
126 creatures vanquished.

Vanquished Creatures (others)
  A kobold (D:5)
1 creature vanquished.

Grand Total: 127 creatures vanquished

Notes
Turn   | Place    | Note
-------+----------+-------------------------------------------
     0 | D:1      | Marihuanna the Gargoyle Berserker began the quest for the Orb.
     0 | D:1      | Reached XP level 1. HP: 14/14 MP: 1/1
   424 | D:1      | Reached XP level 2. HP: 18/20 MP: 2/2
  1484 | D:2      | Found a basalt altar of Yredelemnul.
  1555 | D:2      | Reached XP level 3. HP: 20/24 MP: 3/3
  2481 | D:2      | Reached XP level 4. HP: 28/29 MP: 4/4
  2791 | D:3      | Reached skill level 3 in Armour
  2925 | D:3      | Noticed Jessica
  2927 | D:3      | Killed Jessica
  2969 | D:3      | Reached XP level 5. HP: 33/33 MP: 5/5
  3013 | D:3      | Reached ** piety under Trog
  3141 | D:3      | Reached skill level 4 in Armour
  3402 | D:3      | Found a snail-covered altar of Cheibriados.
  3717 | D:4      | Reached XP level 6. HP: 33/38 MP: 6/6
  3798 | D:4      | Noticed Menkaure
  3808 | D:4      | Killed Menkaure
  3808 | D:4      | Reached skill level 5 in Maces & Flails
  3808 | D:4      | Reached skill level 5 in Armour
  3817 | D:4      | Noticed Eustachio
  4199 | D:4      | Killed Eustachio
  4199 | D:4      | Reached XP level 7. HP: 43/43 MP: 7/7
  4375 | D:4      | Found a staircase to the Ecumenical Temple.
  4455 | D:4      | Found a radiant altar of Vehumet.
  4456 | D:4      | Found a basalt altar of Yredelemnul.
  4486 | D:4      | Found a blossoming altar of Fedhas.
  4846 | D:4      | Reached skill level 6 in Armour
  4954 | D:4      | Noticed hilaritas's ghost (amateur OpFi)
  4958 | D:4      | Noticed Blork the orc
  4962 | D:4      | Killed hilaritas's ghost
  4962 | D:4      | Reached XP level 8. HP: 48/48 MP: 8/8
  4963 | D:4      | Noticed Sigmund
  4968 | D:4      | Killed Blork the orc
  5171 | D:4      | Killed Sigmund
  5171 | D:4      | Reached skill level 7 in Armour
  5554 | D:5      | Entered Level 5 of the Dungeon
  5855 | D:5      | Reached *** piety under Trog
  5855 | D:5      | Reached skill level 8 in Armour
  6422 | D:6      | Reached skill level 1 in Shields
  6422 | D:6      | Reached XP level 9. HP: 25/52 MP: 9/9
  6983 | D:6      | Gained mutation: You passively map a small area around you. [mutagenic meat]
  7072 | D:6      | Reached skill level 9 in Armour
  7349 | D:7      | Noticed a two-headed ogre
  7365 | D:7      | Mangled by a two-headed ogre

Skill      XL: |  1  2  3  4  5  6  7  8  9 |
---------------+----------------------------+-----
Fighting       | 4 |  4.1
Maces & Flails | 4 5 6 8 |  8.8
Armour         | 3 4 5 6 8 9 |  9.1
Shields        | 1 3 |  3.1
Dodging        | |  1.5

Action                   |  1- 3 |  4- 6 |  7- 9 || total
-------------------------+-------+-------+-------++-------
Melee: Mace              |   123 |   115 |       ||   238
       Staff             |       |    21 |       ||    21
       Flail             |       |    19 |   183 ||   202
       Morningstar       |       |       |    86 ||    86
Invok: Berserk           |       |     3 |     3 ||     6
       Trog's Hand       |       |       |     1 ||     1
  Use: Scroll            |       |     6 |     3 ||     9
  Eat: Meat ration       |     1 |       |     1 ||     2
       Chunk             |       |     7 |     9 ||    16
       Bread ration      |       |       |     1 ||     1
Armor: Animal skin       |    43 |       |       ||    43
       Ring mail         |    16 |   111 |    82 ||   209
       Chain mail        |       |       |    37 ||    37
Dodge: Dodged            |   108 |   147 |   123 ||   378
Block: Other             |       |    12 |    24 ||    36
       Reflection        |       |       |     4 ||     4
       Buckler           |       |       |    26 ||    26
